 Dungeon Crawl Stone Soup version 0.27.1 (webtiles) character file.

Game seed: 3716332207381094202

14199 MajorAdolf the Fighter (level 12, -1/114 HPs)
             Began as a Naga Wanderer on Sept 1, 2021.
             Was an Initiate of Gozag.
             Slain by a black mamba (3 damage)
             ... on level 2 of the Lair of Beasts.
             The game lasted 00:26:03 (20395 turns).

MajorAdolf the Fighter (Naga Wanderer)             Turns: 20395, Time: 00:26:04

Health: -1/114     AC: 11    Str: 16    XL:     12   Next: 14%
Magic:  12/12      EV: 16    Int: 20    God:    Gozag
Gold:   517        SH:  6    Dex: 13    Spells: 11/11 levels left

rFire    . . .     SeeInvis +   g - +2 whip (elec)
rCold    . . .     Faith    .   G - +2 buckler
rNeg     . . .     Spirit   .   w - +2 acid dragon scales
rPois    +         Reflect  .   (no helmet)
rElec    .         Harm     .   (no cloak)
rCorr    +         Rampage  .   (no gloves)
Will     +....                  (no barding)
Stlth    +.........             (no amulet)
HPRegen  0.29/turn              d - +6 ring of intelligence
MPRegen  0.13/turn              E - +4 ring of evasion

@: lethally poisoned (-1 -> -13), very slow
A: AC +4, large, see invisible, deformed body, poison resistance, slowness 2,
spit poison 1, naga tail 1
a: Spit Poison, Renounce Religion, Potion Petition, Call Merchant, Bribe Branch


You were on level 2 of the Lair of Beasts.
You worshipped Gozag.
Gozag was pleased with you.
You visited 2 branches of the dungeon, and saw 11 of its levels.

You collected 1354 gold pieces.
You spent 84 gold pieces at shops.
You paid 753 gold pieces to Gozag.

Inventory:

Hand Weapons
 a - a +2 hand crossbow of electrocution
 g - a +2 whip of electrocution (weapon)
 q - a +2 antimagic hand axe
 r - a +4 vorpal hunting sling
 t - a +2 whip of pain
Missiles
 b - 73 bolts
Armour
 w - +2 acid dragon scales (worn)
 G - a +2 buckler (worn)
Magical Staves
 m - a staff of air
Jewellery
 d - a +6 ring of intelligence (left hand)
 B - a ring of fire
 E - a +4 ring of evasion (right hand)
 F - a ring of flight
Wands
 c - a wand of charming (1)
 f - a wand of flame (55)
 j - a wand of mindburst (9)
 o - a wand of acid (11)
 y - a wand of paralysis (7)
 J - a wand of iceblast (7)
Scrolls
 i - 3 scrolls of torment
 k - 2 scrolls of magic mapping
 l - 2 scrolls of enchant armour
 n - 2 scrolls of teleportation
 p - 2 scrolls of amnesia
 v - 2 scrolls of holy word
 H - a scroll of brand weapon
Potions
 e - a potion of mutation
 h - 3 potions of flight
 s - a potion of attraction {unknown}
 x - a potion of curing {unknown}
 z - 2 potions of might {unknown}
 A - a potion of cancellation {unknown}
 I - a potion of resistance {unknown}
 K - a potion of magic {unknown}


   Skills:
 + Level 9.0 Fighting
 + Level 8.5 Maces & Flails
 - Level 1.0 Bows
 - Level 1.7 Crossbows
 + Level 7.5 Armour
 + Level 7.0 Dodging
 - Level 1.5 Stealth
 + Level 3.2 Shields
 + Level 8.4 Evocations


You had 11 spell levels left.
You didn't know any spells.
Your spell library contained the following spells:

 Spells                   Type           Power      Damage    Failure   Level
 Corona                   Hex            0%         N/A       26%         1
 Blink                    Tloc           N/A        N/A       36%         2
 Ensorcelled Hibernation  Hex/Ice        0%         N/A       36%         2
 Dazzling Flash           Conj/Hex       0%         N/A       58%         3
 Lesser Beckoning         Tloc           0%         N/A       58%         3
 Tukima's Dance           Hex            0%         N/A       58%         3
 Agony                    Necr           0%         N/A       100%        5
 Manifold Assault         Tloc           0%         N/A       100%        5
 Silence                  Hex/Air        0%         N/A       100%        5


Dungeon Overview and Level Annotations

Branches:
Dungeon (9/15)             Temple (0/1) D:7            Lair (2/6) D:8
    Orc (0/2) D:9
  Swamp: Lair:2-4    Shoals: Lair:2-4     Snake: Lair:2-4    Spider: Lair:2-4

Altars:
Cheibriados
Fedhas
Gozag
Makhleb
Nemelex Xobeh
Qazlal
Uskayaw
Vehumet
Yredelemnul

Shops:
D:7 *   Lair:2 *

Portals:
Abyss: D:3

Annotations:
D:2 1 runed translucent door, Crazy Yiuf
D:3 2 transporters, Raspi's ghost, amateur OpBr
D:4 1 transporter


Innate Abilities, Weirdness & Mutations

Your serpentine skin is tough. (AC +4)
You have supernaturally acute eyesight. (SInv)
Armour fits poorly on your strangely shaped body.
Your system is resistant to poisons. (rPois)
You cover ground very slowly.
You can spit poison.
You have a snake-like lower body.


Message History

You hit the black mamba.
The black mamba is moderately wounded.
You feel sick. The black mamba bites you!
The black mamba bites you but does no damage.
You barely miss the black mamba.
The black mamba is moderately wounded.
You feel sick.
You are no longer poisoned.
The black mamba barely misses you.
You hit the black mamba but do no damage.
Lightning courses through the black mamba!
The black mamba is severely wounded.
The black mamba barely misses you.
You closely miss the black mamba.
The black mamba is severely wounded.
You block the black mamba's attack.
You hit the black mamba.
The black mamba is almost dead.
The black mamba closely misses you.
You barely miss the black mamba.
The black mamba is almost dead.
The black mamba closely misses you. The black mamba bites you!
* * * LOW HITPOINT WARNING * * *
You are poisoned.
The black mamba poisons you!
You closely miss the black mamba.
The black mamba is almost dead.
You feel very sick. The black mamba barely misses you.
You miss the black mamba.
The black mamba is almost dead.
You feel very sick. The black mamba bites you!
* * * LOW HITPOINT WARNING * * *
You barely miss the black mamba.
The black mamba is almost dead.
* * * LOW HITPOINT WARNING * * *
You feel sick. The black mamba bites you.
You die...
Your body crumbles into a pile of gold.

#..## #...# # ## ##..#
.####P### ##.##
##........ #...#
P........ ##
##..####........
#.###P####...P##........
........................
......S@....P##.........
.............###........
.............###........
.............##.........
.............##.........
..[...........##.P......
...............###P#....
.......)......## ######.
..........## #.


You could see a black mamba.

Vanquished Creatures
  A wizard (D:9)
  4 elephants (Lair:2)
  Joseph (D:7)
  Maurice (D:8)
  4 cane toads
  Maggie (D:7)
  5 komodo dragons
  A troll (D:9)
  A hornet (D:9)
  4 blink frogs
  Grum (D:8)
  16 yaks
  2 steam dragons (D:8)
  5 water moccasins
  3 sky beasts (D:7)
  A necrophage (D:8)
  5 black bears
  2 ice beasts (D:6)
  2 orc warriors
  3 ogres
  7 wolves
  6 centaurs
  2 phantoms (D:4)
  2 bullfrogs (D:7)
  2 gnoll sergeants
  5 scorpions
  A water moccasin zombie (D:6)
  A wyvern skeleton (D:5)
  A water moccasin skeleton (D:5)
  A howler monkey (D:5)
  5 wights (D:6)
  5 hounds
  A bullfrog zombie (D:6)
  A gnoll shaman (D:8)
  A centaur skeleton (D:6)
  5 orc priests
  A jelly (D:6)
  4 iguanas (D:6)
  11 orc wizards
  A killer bee zombie (D:7)
  21 gnolls
  2 adders (D:6)
  2 white imps
  An ufetubus (D:5)
  A worm (D:3)
  A dart slug (D:1)
  38 orcs
  2 ball pythons
  3 endoplasms
  4 giant cockroaches
  6 hobgoblins
  5 kobolds
  3 quokkas
  4 bats
  A frilled lizard (D:1)
  3 goblins
  A rat (D:1)
224 creatures vanquished.

Vanquished Creatures (others)
  An elephant (Lair:2)
  3 orcs
  7 fungi (Lair:2)
  28 plants
39 creatures vanquished.

Grand Total: 263 creatures vanquished

Notes
Turn   | Place    | Note
-------+----------+-------------------------------------------
     0 | D:1      | MajorAdolf the Naga Wanderer began the quest for the Orb.
     0 | D:1      | MajorAdolf set off with the following items: a +2 hand
                  | crossbow, 25 bolts, 2 potions of lignification, a +0 robe
     0 | D:1      | Reached XP level 1. HP: 19/19 MP: 1/1
   250 | D:1      | Reached XP level 2. HP: 27/27 MP: 2/2
   293 | D:1      | Reached skill level 1 in Maces & Flails
   991 | D:2      | Found a runed translucent door.
   992 | D:2      | Noticed Crazy Yiuf
  1012 | D:2      | Reached XP level 3. HP: 24/33 MP: 3/3
  1572 | D:2      | Found a snail-covered altar of Cheibriados.
  2098 | D:2      | Reached XP level 4. HP: 10/40 MP: 4/4
  2329 | D:2      | Reached skill level 3 in Fighting
  2478 | D:3      | Reached skill level 1 in Dodging
  2703 | D:3      | Noticed Raspi's ghost (amateur OpBr)
  2724 | D:3      | Noticed a small abomination
  2725 | D:3      | Found a transporter.
  2758 | D:3      | Found a one-way gate to the infinite horrors of the Abyss.
  2789 | D:3      | Found a transporter.
  2989 | D:3      | Reached XP level 5. HP: 33/49 MP: 5/5
  4281 | D:4      | Noticed an ogre
  4287 | D:4      | Killed an ogre
  4288 | D:4      | Reached XP level 6. HP: 12/56 MP: 6/6
  5051 | D:4      | Noticed a black bear
  5061 | D:4      | Killed a black bear
  5062 | D:4      | Reached skill level 4 in Fighting
  5062 | D:4      | Reached XP level 7. HP: 58/64 MP: 7/7
  5325 | D:4      | Found a burning altar of Makhleb.
  5426 | D:4      | Found a sparkling altar of Nemelex Xobeh.
  5426 | D:4      | Found a transporter.
  5711 | D:5      | Entered Level 5 of the Dungeon
  6130 | D:5      | Reached XP level 8. HP: 68/73 MP: 8/8
  6653 | D:5      | Reached skill level 5 in Fighting
  7220 | D:5      | Found a blossoming altar of Fedhas.
  8568 | D:6      | Noticed a yak
  8579 | D:6      | Reached XP level 9. HP: 74/81 MP: 9/9
  8588 | D:6      | Reached skill level 5 in Maces & Flails
  8588 | D:6      | Reached skill level 5 in Evocations
  8628 | D:6      | Reached skill level 5 in Armour
  9117 | D:6      | Noticed a +0 falchion
  9117 | D:6      | Noticed a +0 falchion
  9118 | D:6      | Noticed a +0 dagger
  9123 | D:6      | Noticed a +0 dagger
  9124 | D:6      | Noticed a +0 spear
  9124 | D:6      | Noticed a +0 spear
  9124 | D:6      | Noticed a +0 short sword
  9126 | D:6      | Noticed a +0 short sword
  9130 | D:6      | Found a hide-covered altar of Uskayaw.
  9426 | D:6      | Reached skill level 6 in Fighting
  9685 | D:7      | Found Luatunlu's Lightly-Used Armoury.
 10209 | D:7      | Found an opulent altar of Gozag.
 10228 | D:7      | Found a basalt altar of Yredelemnul.
 10228 | D:7      | Noticed Joseph
 10248 | D:7      | Killed Joseph
 10369 | D:7      | Found a snail-covered altar of Cheibriados.
 10385 | D:7      | Noticed Maggie
 10523 | D:7      | Reached XP level 10. HP: 59/92 MP: 10/10
 10558 | D:7      | Killed Maggie
 10559 | D:7      | Reached skill level 5 in Dodging
 11605 | D:7      | Found a staircase to the Ecumenical Temple.
 11721 | D:8      | Reached skill level 7 in Fighting
 11726 | D:8      | Found a staircase to the Lair.
 12091 | D:7      | Became a worshipper of Gozag Ym Sagoz the Greedy
 13862 | D:8      | Noticed Maurice
 13882 | D:8      | Killed Maurice
 13956 | D:8      | Noticed Grum
 13989 | D:8      | Killed Grum
 13990 | D:8      | Reached XP level 11. HP: 28/102 MP: 11/11
 14404 | D:9      | Found a staircase to the Orcish Mines.
 14408 | D:9      | Found a stormy altar of Qazlal.
 15264 | D:9      | Found a radiant altar of Vehumet.
 15655 | D:9      | Reached skill level 8 in Fighting
 16137 | D:9      | Reached skill level 1 in Shields
 16558 | D:9      | Noticed a wizard
 16562 | D:9      | Killed a wizard
 16675 | D:9      | Noticed a large abomination
 16973 | Lair:1   | Entered Level 1 of the Lair of Beasts
 19020 | Lair:2   | Bought a scroll labelled SEUXYMN SUMPER for 29 gold pieces
 19020 | Lair:2   | Bought a wand of flame (15) for 29 gold pieces
 19020 | Lair:2   | Bought a cyan potion for 26 gold pieces
 19705 | Lair:2   | Reached XP level 12. HP: 105/112 MP: 12/12
 20258 | Lair:2   | Reached skill level 9 in Fighting
 20394 | Lair:2   | HP: 4/114 [black mamba (15)]
 20395 | Lair:2   | Slain by a black mamba

Illustrated notes

Levels and vault maps discovered:
D:1:      scummos_arrival_hexagon, layout_rooms, due_unseen_surprise
D:2:      layout_loops_ring, basic_altar, uniq_crazy_yiuf_cottage
D:3:      layout_loops_cross, gammafunk_ghost_abyssal_escape
D:4:      layout_basic, lightli_temple_of_fire, grunt_nemelex_the_gamble,
          minmay_misc_feat_rugged
D:5:      layout_loops_ring, kennysheep_mini, kennysheep_boxes
D:6:      layout_loops_corners, nicolae_uskayaw_en_pointe, wad_rectangle_vault
D:7:      layout_basic, mainiacjoe_overflow_concentric_impassable,
          mainiacjoe_overflow_cross_hatched, mainiacjoe_overflow_alcove_1,
          minmay_temple_entry_fiery, minmay_shop_damaged, serial_park_tiny_1,
          uniq_maggie, uniq_joseph
D:8:      layout_rooms, david_lair_shrubbed, uniq_grum, uniq_maurice
D:9:      layout_long_grid, nicolae_qazlal_scattered_showers,
          nicolae_elyvilon_temple_path, amcnicky_altar_gilded, orc_0_dummy,
          serial_co_window_serial, co_window_of_opportunity_a,
          co_window_paths_a, co_window_paths_a, co_window_corner_a,
          co_window_paths_b, co_window_paths_c, co_window_paths_c,
          co_window_broadway_c, co_window_unsneaky_path_b, laboratory
Lair:1:   layout_gridlike, grunt_megastairs_2
Lair:2:   layout_cave_pods, grunt_forest_small_clearings

Skill      XL: |  1  2  3  4  5  6  7  8  9 10 11 12 |
---------------+-------------------------------------+-----
Maces & Flails | 1 2 3 4 6 7 8 |  8.5
Fighting       | 3 4 5 6 7 8 9 |  9.0
Dodging        | 1 2 3 4 5 6 7 |  7.0
Evocations     | 2 3 4 6 7 8 |  8.4
Armour         | 3 4 5 6 7 |  7.5
Shields        | 2 3 |  3.2
Bows           | |  1.0
Crossbows      | |  1.7
Stealth        | |  1.5

Action                   |  1- 3 |  4- 6 |  7- 9 | 10-12 || total
-------------------------+-------+-------+-------+-------++-------
Melee: Whip              |    37 |    83 |   333 |   686 ||  1139
 Fire: Hand crossbow     |    14 |       |       |       ||    14
Invok: Call Merchant     |       |       |       |     1 ||     1
 Abil: Spit Poison       |     9 |    14 |    14 |     7 ||    44
Evoke: Wand              |       |     2 |     2 |    13 ||    17
  Use: Potion            |       |     1 |     1 |       ||     2
       Scroll            |       |       |    10 |     7 ||    17
 Stab: Sleeping          |     4 |       |       |       ||     4
       Distracted        |       |       |     1 |     4 ||     5
       Paralysed         |       |       |    12 |    17 ||    29
Armor: Robe              |    12 |     3 |       |       ||    15
       Skin              |       |     4 |    73 |       ||    77
       Chain mail        |       |    10 |     9 |       ||    19
       Scale mail        |       |       |   146 |     3 ||   149
       Acid dragon scale |       |       |       |   213 ||   213
Dodge: Dodged            |    24 |    25 |   135 |   411 ||   595
Block: Buckler           |       |       |       |   114 ||   114
